 Dungeon Crawl Stone Soup version 0.28-a0-21-gf74fda84f9 (webtiles) character file.

Game seed: 10965083811768649899

463 sizableburger the Chucker (level 7, -1/67 HPs)
             Began as an Ogre Arcane Marksman on July 27, 2021.
             Slain by a gnoll (10 damage)
             ... on level 5 of the Dungeon.
             The game lasted 00:12:10 (7734 turns).

sizableburger the Chucker (Ogre Arcane Marksman)    Turns: 7734, Time: 00:12:11

Health: -1/67      AC:  4    Str: 17    XL:     7   Next: 7%
Magic:  11/11      EV:  9    Int: 14    God:
Gold:   240        SH:  0    Dex:  9    Spells: 7/11 levels left

rFire   . . .      SeeInvis .   l - +0 halberd (flame)
rCold   . . .      Faith    .   (shield currently unavailable)
rNeg    . . .      Spirit   .   a - +1 robe
rPois   .          Reflect  .   (helmet restricted)
rElec   .          Harm     .   (no cloak)
rCorr   .          Rampage  .   (gloves unavailable)
Will    +....                   (boots unavailable)
Stlth   +.........              (no amulet)
HPRegen 0.21/turn               f - ring of willpower
MPRegen 0.12/turn               (no ring)

@: no status effects
A: large, unfitting armour, tough skin 1
a: no special abilities


You were on level 5 of the Dungeon.
You visited 1 branch of the dungeon, and saw 5 of its levels.
You also visited: Sewer.

You collected 240 gold pieces.

Inventory:

Hand Weapons
 l - a +0 halberd of flaming (weapon)
Missiles
 b - 4 large rocks
 c - 2 throwing nets
 d - 7 curare-tipped darts
 h - 13 poisoned darts (quivered)
Armour
 a - a +1 robe (worn)
Jewellery
 f - a ring of willpower (left hand)
 k - a ring of ice
Wands
 t - a wand of iceblast (7)
Scrolls
 j - a scroll of amnesia
 o - a scroll of enchant armour
Potions
 e - a potion of brilliance
 g - 2 potions of curing
 m - 3 potions of haste
 n - 3 potions of invisibility
 p - a potion of magic
 q - a potion of might {unknown}
 r - a potion of mutation


   Skills:
 - Level 3.0 Fighting
 - Level 0.1 Maces & Flails
 + Level 3.4 Polearms
 + Level 4.2 Throwing
 - Level 1.7 Dodging
 + Level 2.9 Spellcasting
 - Level 3.1 Hexes
 + Level 2.1 Fire Magic


You had 7 spell levels left.
You knew the following spells:

 Your Spells              Type           Power      Damage    Failure   Level
a - Corona                Hex            11%        N/A       6%          1
b - Inner Flame           Hex/Fire       9%         N/A       22%         3

Your spell library contained the following spells:

 Spells                   Type           Power      Damage    Failure   Level
 Slow                     Hex            10%        N/A       9%          2
 Freeze                   Ice            8%         1d3       22%         1
 Portal Projectile        Hex/Tloc       12%        N/A       32%         3
 Cause Fear               Hex            5%         N/A       50%         4
 Frozen Ramparts          Ice            4%         1d2       54%         3
 Hailstorm                Conj/Ice       2%         3d3       91%         4
 Fireball                 Conj/Fire      2%         3d4       98%         5
 Iskenderun's Battlesphe  Conj           2%         2d6       99%         5
 Conjure Ball Lightning   Conj/Air       1%         3x3d6     100%        6
 Orb of Destruction       Conj           1%         N/A       100%        7


Dungeon Overview and Level Annotations

Branches:
Dungeon (5/15)              Sewer (visited)
 Temple: D:4-7

Altars:
Sif Muna

Shops:
D:1 =   D:3 [

Annotations:
D:2 Terence


Innate Abilities, Weirdness & Mutations

You are too large for most types of armour.
You have tough skin. (AC +1)


Message History

You are too injured to fight recklessly!
You are too injured to fight recklessly!
You are too injured to fight recklessly!
You are too injured to fight recklessly!
You are too injured to fight recklessly!
You are too injured to fight recklessly!
You are too injured to fight recklessly!
You are too injured to fight recklessly!
You are too injured to fight recklessly!
You are too injured to fight recklessly!
You are too injured to fight recklessly!
You are too injured to fight recklessly!
You are too injured to fight recklessly!
You are too injured to fight recklessly!
You are too injured to fight recklessly!
You are too injured to fight recklessly!
You are too injured to fight recklessly!
You are too injured to fight recklessly!
You hit the gnoll. You burn the gnoll.
The gnoll is moderately wounded.
The gnoll closely misses you.
You hit the gnoll but do no damage.
The gnoll is moderately wounded.
The gnoll hits you with a +1 vorpal flail.
You completely miss the gnoll.
The gnoll is moderately wounded.
The gnoll hits you with a +1 vorpal flail. x2
You closely miss the gnoll.
The gnoll is moderately wounded.
The gnoll hits you with a +1 vorpal flail.
You hit the gnoll. You burn the gnoll.
The gnoll is severely wounded.
The gnoll hits you with a +1 vorpal flail.
* * * LOW HITPOINT WARNING * * *
x2 The gnoll hits you with a +1 vorpal flail.
* * * LOW HITPOINT WARNING * * *
x2 You closely miss the gnoll.
The gnoll is severely wounded.
The gnoll hits you with a +1 vorpal flail!
You die...

#......... ...
#......... .(.
#......... .$.
#......... #(#
#.......[. #.#
#....(.... #<#
#####.#### #g# #.#
# #@# ###.#### #>#
#....... #.#
#....... #.#
#....... #.#
#....... #.#
####.#.. #.#
#####......
##.######.....##..#
#......#..####.....


You could see a gnoll.

Vanquished Creatures
  A hound (D:5)
  2 gnoll shamans (D:5)
  A bullfrog skeleton (D:5)
  An iguana (D:5)
  An orc wizard (D:4)
  10 gnolls
  2 river rats (Sewer)
  6 adders
  3 worms
  3 dart slugs
  2 orcs
  17 ball pythons
  5 endoplasms
  4 giant cockroaches
  6 goblins
  5 hobgoblins
  25 kobolds
  A quokka (D:5)
  4 bats
  5 frilled lizards
  28 rats
132 creatures vanquished.

Vanquished Creatures (others)
  3 fungi (D:4)
  6 toadstools (D:4)
9 creatures vanquished.

Grand Total: 141 creatures vanquished

Notes
Turn   | Place    | Note
-------+----------+-------------------------------------------
     0 | D:1      | sizableburger the Ogre Arcane Marksman began the quest for
                  | the Orb.
     0 | D:1      | Reached XP level 1. HP: 19/19 MP: 2/2
   482 | D:1      | Reached XP level 2. HP: 28/28 MP: 3/3
   804 | D:1      | Found Gonoykah's Jewellery Boutique.
  1047 | D:1      | Reached skill level 1 in Polearms
  1137 | D:1      | Reached XP level 3. HP: 28/36 MP: 4/4
  2341 | D:2      | Noticed Terence
  2531 | D:2      | Reached XP level 4. HP: 25/45 MP: 5/5
  2784 | D:2      | Reached skill level 3 in Throwing
  3372 | D:2      | Found a shimmering blue altar of Sif Muna.
  3647 | D:3      | Found Uzutez Faple's Armour Emporium.
  3949 | D:3      | Reached XP level 5. HP: 18/53 MP: 6/6
  4020 | D:3      | Found a glowing drain.
  4042 | Sewer    | Entered a sewer
  4284 | Sewer    | Learned a level 3 spell: Inner Flame
  5646 | D:3      | Reached skill level 1 in Fire Magic
  5777 | D:3      | Reached XP level 6. HP: 48/61 MP: 5/9
  6694 | D:5      | Entered Level 5 of the Dungeon
  7124 | D:5      | Reached skill level 4 in Throwing
  7721 | D:5      | Reached XP level 7. HP: 67/67 MP: 11/11
  7734 | D:5      | Slain by a gnoll

Illustrated notes

Levels and vault maps discovered:
D:1:      minmay_arrival_widening_spiral_wide, layout_loops_ring, serial_shops,
          nicolae_shop_competitors_out_of_business, grunt_decor_one_mirror,
          kennysheep_minor_cross
D:2:      layout_basic, basic_altar, minmay_three_crescents, uniq_terence
D:3:      layout_basic, serial_shops, nicolae_shop_trees,
          cheibrodos_sewer_entry_drain, grunt_ministairs_13
D:4:      layout_basic, corexii_shack, minmay_gold_behind_fungi,
          dk_rats_in_the_wall
D:5:      layout_rooms

Skill      XL: |  1  2  3  4  5  6 |
---------------+-------------------+-----
Fighting       | 2 3 |  3.0
Polearms       | 1 2 3 |  3.4
Throwing       | 3 4 |  4.2
Hexes          | 3 |  3.1
Fire Magic     | 1 2 |  2.1
Spellcasting   | 2 |  2.9
Maces & Flails | |  0.1
Dodging        | |  1.7

Action                   |  1- 3 |  4- 6 |  7- 9 || total
-------------------------+-------+-------+-------++-------
Melee: Unarmed           |    22 |       |       ||    22
       Spear             |   155 |   116 |       ||   271
       Whip              |     5 |       |       ||     5
       Halberd           |       |   215 |    13 ||   228
Throw: Dart              |     6 |    33 |       ||    39
       Throwing net      |     2 |       |       ||     2
       Large rock        |     1 |       |       ||     1
 Cast: Corona            |       |    11 |       ||    11
  Use: Potion            |     1 |     2 |       ||     3
       Scroll            |       |    16 |       ||    16
 Stab: Sleeping          |     1 |       |       ||     1
Armor: Robe              |    65 |    97 |     1 ||   163
Dodge: Dodged            |   101 |   166 |     3 ||   270

Table legend: (Time is in decaauts)
 A = Elapsed time spent in this place.
 B = Non-inter-level travel time spent in this place.
 C = Inter-level travel time spent in this place.
 D = Time resting spent in this place.
 E = Time spent auto-exploring this place.
 F = Levels seen in this place.
 G = Mean time per level.
                   A        B        C        D        E       F      G
               +--------+--------+--------+--------+--------+-----+--------+
         Total |   7846 |   7663 |    183 |   3152 |   3212 |   6 | 1307.7 |
       Dungeon |   6378 |   6195 |    183 |   2529 |   2703 |   5 | 1275.6 |
         Sewer |   1468 |   1468 |      0 |    623 |    508 |   1 | 1468.0 |
               +--------+--------+--------+--------+--------+-----+--------+

Top non-repeatable levels by time:
     D:1: 2028 daAuts
     D:2: 1635 daAuts
   Sewer: 1468 daAuts
     D:3: 1382 daAuts
     D:5: 1051 daAuts
     D:4: 278 daAuts
